 Dungeon Crawl Stone Soup version 0.27-a0-760-gc38aae387d (webtiles) character file.

Game seed: 9374243390692921859

10 leviel the Magician (level 2, -1/21 HPs)
             Began as a Djinni Summoner on Mar 24, 2021.
             Slain by an adder (3 damage)
             ... on level 2 of the Dungeon.
             The game lasted 00:02:53 (1648 turns).

leviel the Magician (Djinni Summoner)               Turns: 1648, Time: 00:02:54

Health: -1/21      AC:  2    Str:  7    XL:     2   Next: 20%
Gold:   19         EV: 12    Int: 16    God:
                   SH:  0    Dex: 13

rFire    + + .     SeeInvis .   (no weapon)
rCold    x . .     Faith    .   (no shield)
rNeg     . . .     Spirit   .   a - +0 robe
rPois    ∞         Reflect  .   (no helmet)
rElec    .         Harm     .   (no cloak)
rCorr    .         Rampage  .   (no gloves)
Will     .....                  (boots unavailable)
Stlth    ++........             (no amulet)
HPRegen  0.07/turn              (no ring)
MPRegen  0.00/turn              (no ring)

@: flying
A: fire resistance 2, cold vulnerability 1, float, innate caster, hp casting,
extra vitality 1
a: no special abilities


You were on level 2 of the Dungeon.
You visited 1 branch of the dungeon, and saw 2 of its levels.

You collected 19 gold pieces.

Inventory:

Armour
 a - a +0 robe (worn)
 b - a +0 chain mail
Scrolls
 d - a scroll of identify {unknown}
Potions
 c - 2 potions of attraction {unknown}
 e - a potion of heal wounds {unknown}


   Skills:
 + Level 2.1 Dodging
 + Level 1.7 Stealth
 * Level 3.9 Spellcasting


You couldn't memorise any spells.
You knew the following spells:

 Your Spells              Type           Power      Damage    Failure   Level
a - Summon Small Mammal   Summ           60%        N/A       3%          1
b - Call Imp              Summ           15%        N/A       4%          2
c - Call Canine Familiar  Summ           15%        N/A       10%         3
d - Summon Guardian Gole  Hex/Summ       15%        N/A       10%         3
e - Summon Lightning Spi  Summ/Air       15%        N/A       32%         4
f - Summon Ice Beast      Ice/Summ       15%        N/A       32%         4
Your spell library was empty.

Dungeon Overview and Level Annotations

Branches:
Dungeon (2/15)

Altars:


Innate Abilities, Weirdness & Mutations

You are immune to poison.
Your flesh is very heat resistant. (rF++)
You are vulnerable to cold. (rC-)
You float through the air rather than walking.
You learn spells naturally, not from books.
Your magical power is your life essence.
You have superior vitality. (+4 HP)


Message History

The adder closely misses your bat.
Your quokka barely misses the orc.
The orc hits you with a +1 vampiric short sword!
* * * LOW HITPOINT WARNING * * *
Your bat hits the orc. The orc closely misses you.
You are too injured to fight recklessly!
Your bat barely misses the adder.
The adder bites your bat but does no damage.
Your bat closely misses the adder.
Your quokka bites the orc.
The adder bites your bat.
Your bat dies!
Your bat's corpse disappears in a puff of smoke!
Your quokka bites the orc wizard.
The orc wizard hits your quokka with a +1 dagger of protection.
You are too injured to fight recklessly!
Your quokka bites the orc.
The orc dies!
Your quokka closely misses the orc wizard.
The orc misses you. Something hits you.
* * * LOW HITPOINT WARNING * * *
The orc wizard hits your quokka with a +1 dagger of protection.
Found a scroll labelled PISHOL NYACHE.
You swap places.
A bat comes into view.
The adder bites your quokka.
Your quokka dies!
Your quokka's corpse disappears in a puff of smoke!
Your quokka bites the orc.
You hear some strange, mumbled words.
Something tries to affect you, but you resist.
The goblin barely misses your quokka. The orc completely misses you.
The orc wizard barely misses you.
Found a stone staircase leading down.
Your quokka bites the orc.
The goblin hits your quokka with a +0 club.
Your quokka dies!
Your quokka's corpse disappears in a puff of smoke!
The orc wizard casts a spell at itself.
The orc wizard flickers and vanishes!
The adder bites you.
You die...

### ###### ....
#...?# .... #....#
..... #....#
.....######....######
....$.......S@.>....#
#).go.....####.#
#.....{...#
###########


You could see an adder, an orc and a goblin.

Vanquished Creatures (collateral kills)
  2 dart slugs (D:1)
  An orc (D:2)
  A ball python (D:1)
  A goblin (D:1)
  A hobgoblin (D:1)
  2 bats (D:1)
  A frilled lizard (D:1)
  A kobold (D:1)
  2 rats (D:1)
12 creatures vanquished.

Notes
Turn   | Place    | Note
-------+----------+-------------------------------------------
     0 | D:1      | leviel the Djinni Summoner began the quest for the Orb.
     0 | D:1      | Reached XP level 1. HP: 15/15 MP: 0/0
  1275 | D:1      | Reached XP level 2. HP: 13/21 MP: 0/0
  1648 | D:2      | Slain by an adder

Illustrated notes

Levels and vault maps discovered:
D:1:      minmay_arrival_jagged, layout_basic, serial_corexii_hall,
          corexii_hall_statues_s, corexii_hall_statues_i
D:2:      minmay_chambers_of_ones, layout_basic, uniq_jessica, uniq_natasha,
          uniq_sigmund, uniq_terence

Action                   || total
-------------------------++-------
Melee: Unarmed           ||     3
 Cast: Summon Small Mamm ||    51
  Use: Scroll            ||     3
Armor: Robe              ||     3
Dodge: Dodged            ||    22

Table legend: (Time is in decaauts)
 A = Elapsed time spent in this place.
 B = Non-inter-level travel time spent in this place.
 C = Inter-level travel time spent in this place.
 D = Time resting spent in this place.
 E = Time spent auto-exploring this place.
 F = Levels seen in this place.
 G = Mean time per level.
                   A        B        C        D        E       F      G
               +--------+--------+--------+--------+--------+-----+--------+
         Total |   1647 |   1647 |      0 |    595 |    855 |   2 |  823.5 |
       Dungeon |   1647 |   1647 |      0 |    595 |    855 |   2 |  823.5 |
               +--------+--------+--------+--------+--------+-----+--------+

Top non-repeatable levels by time:
     D:1: 1637 daAuts
     D:2: 10 daAuts
